 Dungeon Crawl Stone Soup version 0.32-a0-43-g058985b245 (webtiles) character file.

Game seed: 5187737175194367345

2407287 SpellstutterSprite the Slayer (level 27, 235/244 HPs)
             Began as a Mummy Fighter on Feb 4, 2024.
             Was a Favourite Plaything of Xom.
             Escaped with the Orb
             ... and 4 runes
             ... and 1 gem on Feb 5, 2024!
             The game lasted 02:07:44 (72811 turns).

SpellstutterSprite the Slayer (Mummy Fighter)      Turns: 72811, Time: 02:07:45

Health: 235/244    AC: 38    Str: 26 (27) XL:     27
Magic:  30/30      EV: 20    Int:  7 (8)  God:    Xom [....*.]
Gold:   6392       SH: 31    Dex: 20 (25) Spells: 26/26 levels left

rFire   + + +        M - +9 eveningstar (vamp)
rCold   + . .        S - +7 tower shield {rF+}
rNeg    + + +        X - +10 storm dragon scales
rPois   ∞            L - +2 helmet
rElec   +            Y - scarf {repulsion}
rCorr   .            F - +0 pair of gloves
SInv    .            E - +1 pair of boots "Ruijeb" {^Drain Regen+ Dex+4}
Will    ++++.        m - amulet of regeneration Stlth
                     U - ring "Hargho" {^Drain Fly Will+ Str+2 Int+5}
HPRegen 2.20/turn    p - ring "Ywich" {rF+++ rN+ Int-5 Dex+2}
MPRegen 0.22/turn

%: repel missiles, faith
@: flying, studying Necromancy
A: cold resistance 1, negative energy resistance 3, torment resistance 2, heat
vulnerability 1, in touch with death 2, no potions, faith
0: Orb of Zot
}: 4/15 runes: serpentine, barnacled, silver, abyssal
a: Renounce Religion


You escaped.
You worshipped Xom.
You were a beloved toy of Xom.
You visited 13 branches of the dungeon, and saw 57 of its levels.
You visited the Abyss 2 times.

You collected 8003 gold pieces.
You spent 1611 gold pieces at shops.

Inventory:

Hand Weapons
 M - a +9 vampiric eveningstar (weapon)
 Q - a +9 heavy demon whip
Missiles
 a - 39 atropa-tipped darts
 C - 92 boomerangs (quivered)
 H - 6 darts of dispersal
 K - 9 curare-tipped darts
 N - 31 javelins
 P - 8 throwing nets
Armour
 x - the +4 skin of Zhor {*Englaciate rC+++ SInv}
   (You found it on level 7 of the Dungeon)

   *Englaciate: It radiates cold, occasionally slowing all nearby creatures who
   are not resistant to cold.
   rC+++:     It renders you almost immune to cold.
   SInv:      It lets you see invisible.
 A - the +5 Storm Queen's Shield {shock, Fly rElec}
   (You found it on level 3 of the Elven Halls)

   Shock:     When it blocks an attack, it may electrocute the attacker.
   This works even against foes who are a short distance away.
   rElec:     It insulates you from electricity.
   Fly:       It grants you flight.
 E - the +1 pair of boots "Ruijeb" (worn) {^Drain Regen+ Dex+4}
   (Okawaru gifted it to you on level 1 of the Lair of Beasts)

   Dex+4:     It affects your dexterity (+4).
   Regen+:    It increases your rate of health regeneration.
   ^Drain:    It drains your maximum health when unequipped.
 F - a +0 pair of gloves (worn)
 L - a +2 helmet (worn)
 S - a +7 tower shield of fire resistance (worn)
 X - +10 storm dragon scales (worn)
 Y - a scarf of repulsion (worn)
Jewellery
 b - a +4 ring of protection
 g - a +5 ring of evasion
 m - an amulet of regeneration (around neck)
 n - the amulet "Ciuwiss" {Reflect rCorr Str+2 Int-4 SH+5}
   (You took it off a deep elf master archer on level 3 of the Elven Halls)

   [amulet of reflection]

   Reflect:   It reflects blocked missile attacks.
   Str+2:     It affects your strength (+2).
   Int-4:     It affects your intelligence (-4).
   rCorr:     It protects you from acid and corrosion.
   SH+5:      It affects your SH (+5).
 p - the ring "Ywich" (right hand) {rF+++ rN+ Int-5 Dex+2}
   (You found it on level 3 of the Crypt)

   [ring of positive energy]

   Int-5:     It affects your intelligence (-5).
   Dex+2:     It affects your dexterity (+2).
   rF+++:     It renders you almost immune to fire.
   rN+:       It protects you from negative energy.
 r - a +5 ring of evasion
 t - the ring of Shadows {Umbra +Inv Stlth+}
   (You found it on level 4 of the Realm of Zot)

   [ring of stealth]

   Umbra:     It surrounds you with an aura of shadow, increasing your stealth
   and reducing the accuracy of all others within it.
   +Inv:      It lets you turn invisible.
   Stlth+:    It makes you more stealthy.
 v - an amulet of the acrobat
 J - the ring of Paliaw {rN+ AC+4 Str+3 SInv}
   (You found it on level 5 of the Lair of Beasts)

   [ring of protection]

   AC+4:      It affects your AC (+4).
   Str+3:     It affects your strength (+3).
   rN+:       It protects you from negative energy.
   SInv:      It lets you see invisible.
 T - a ring of resist corrosion
 U - the ring "Hargho" (left hand) {^Drain Fly Will+ Str+2 Int+5}
   (You found it on level 4 of the Snake Pit)

   [ring of flight]

   Str+2:     It affects your strength (+2).
   Int+5:     It affects your intelligence (+5).
   Will+:     It increases your willpower.
   Fly:       It grants you flight.
   ^Drain:    It drains your maximum health when unequipped.
 W - the ring of Piuxowk {rF+ rN+ Int+3}
   (You found it on level 3 of the Crypt)

   [ring of positive energy]

   Int+3:     It affects your intelligence (+3).
   rF+:       It protects you from fire.
   rN+:       It protects you from negative energy.
 Z - a ring of see invisible
Wands
 c - a wand of light (15)
 i - a wand of iceblast (19)
 u - a wand of flame (96)
Scrolls
 d - 7 scrolls of revelation {@r5}
 e - 10 scrolls of poison
 f - 5 scrolls of teleportation {@r3}
 h - 33 scrolls of identify {@r1}
 k - 14 scrolls of vulnerability {!r}
 l - 14 scrolls of immolation
 w - 5 scrolls of silence {!r}
 y - 2 scrolls of fear
 z - 2 scrolls of torment
 B - 2 scrolls of blinking {@r4}
 G - 4 scrolls of fog {@r2}
 I - 8 scrolls of amnesia
 O - 7 scrolls of noise
Miscellaneous
 R - a lightning rod (4/4)
 V - a condenser vane


   Skills:
 + Level 25.8 Fighting
 - Level 16.0 Maces & Flails
 + Level 20.7 Armour
 + Level 17.8 Dodging
 - Level 22.0 Shields
 - Level 10.0 Invocations


You had 26 spell levels left.
You didn't know any spells.
Your spell library contained the following spells:

 Spells                   Type           Power      Damage    Failure   Level
 Apportation              Tloc           0%         N/A       88%         1
 Freeze                   Ice            0%         1d3       88%         1
 Magic Dart               Conj           0%         1d3       88%         1
 Necrotise                Necr           0%         1d4       88%         1
 Sandblast                Erth           0%         2d4       88%         1
 Slow                     Hex            0%         N/A       88%         1
 Blink                    Tloc           0%         N/A       96%         2
 Cigotuvi's Dreadful Rot  Necr/Alch/Air  0%         N/A       96%         2
 Ensorcelled Hibernation  Hex/Ice        0%         N/A       96%         2
 Jinxbite                 Hex            0%         N/A       96%         2
 Lesser Beckoning         Tloc           0%         N/A       96%         2
 Mercury Vapours          Alch/Air       0%         N/A       96%         2
 Scorch                   Fire           0%         2d5       96%         2
 Searing Ray              Conj           0%         2d4       96%         2
 Static Discharge         Conj/Air       0%         3-3/arc   96%         2
 Confusing Touch          Hex            0%         N/A       99%         3
 Frozen Ramparts          Ice            0%         1d1       99%         3
 Fugue of the Fallen      Necr           0%         N/A       99%         3
 Gell's Gravitas          Tloc           0%         N/A       99%         3
 Hailstorm                Conj/Ice       0%         3d5       99%         3
 Inner Flame              Hex/Fire       0%         N/A       99%         3
 Mephitic Cloud           Conj/Alch/Air  0%         N/A       99%         3
 Ozocubu's Armour         Ice            0%         N/A       99%         3
 Sigil of Binding         Hex            0%         N/A       99%         3
 Stone Arrow              Conj/Erth      0%         3d7       99%         3
 Summon Ice Beast         Ice/Summ       0%         N/A       99%         3
 Teleport Other           Tloc           0%         N/A       99%         3
 Tukima's Dance           Hex            0%         N/A       99%         3
 Vampiric Draining        Necr           0%         2d6       99%         3
 Airstrike                Air            0%         2d(0-16)  100%        4
 Anguish                  Hex/Necr       0%         N/A       100%        4
 Dimensional Bullseye     Hex/Tloc       0%         N/A       100%        4
 Fulminant Prism          Conj/Alch      0%         3d5       100%        4
 Ignite Poison            Fire/Alch      0%         N/A       100%        4
 Iskenderun's Mystic Bla  Conj/Tloc      0%         2d3       100%        4
 Leda's Liquefaction      Alch/Erth      0%         N/A       100%        4
 Manifold Assault         Tloc           0%         N/A       100%        4
 Martyr's Knell           Necr/Summ      0%         N/A       100%        4
 Olgreb's Toxic Radiance  Alch           0%         N/A       100%        4
 Passage of Golubria      Tloc           0%         N/A       100%        4
 Petrify                  Alch/Erth      0%         N/A       100%        4
 Sticky Flame             Fire/Alch      0%         2d4       100%        4
 Summon Blazeheart Golem  Fire/Summ      0%         N/A       100%        4
 Summon Lightning Spire   Summ/Air       0%         N/A       100%        4
 Vhi's Electric Charge    Tloc/Air       0%         N/A       100%        4
 Alistair's Intoxication  Alch           0%         N/A       100%        5
 Arcjolt                  Conj/Air       0%         1d10      100%        5
 Borgnjor's Vile Clutch   Necr/Erth      0%         N/A       100%        5
 Curse of Agony           Necr           0%         N/A       100%        5
 Freezing Cloud           Conj/Ice/Air   0%         6-21      100%        5
 Irradiate                Conj/Alch      0%         3d11      100%        5
 Metabolic Englaciation   Hex/Ice        0%         N/A       100%        5
 Yara's Violent Unravell  Hex/Alch       0%         3d3       100%        5
 Dispersal                Tloc           0%         N/A       100%        6
 Eringya's Noxious Bog    Alch           0%         4d6       100%        6
 Plasma Beam              Fire/Air       0%         2x1d10    100%        6
 Sculpt Simulacrum        Ice/Alch       0%         N/A       100%        6
 Starburst                Conj/Fire      0%         6d3       100%        6
 Enfeeble                 Hex            0%         N/A       100%        7
 Malign Gateway           Summ/Tloc      0%         N/A       100%        7
 Orb of Destruction       Conj           0%         9d5       100%        7
 Ozocubu's Refrigeration  Ice            0%         4d7       100%        7
 Spellforged Servitor     Conj/Summ      0%         N/A       100%        7
 Discord                  Hex            0%         N/A       100%        8
 Disjunction              Tloc           0%         N/A       100%        8
 Ignition                 Fire           0%         3d3       100%        8
 Maxwell's Capacitive Co  Air            0%         ∞         100%        8
 Fire Storm               Conj/Fire      0%         5d1       100%        9
 Polar Vortex             Ice            0%         N/A       100%        9


Dungeon Overview and Level Annotations

Branches:
Dungeon (15/15)            Temple (1/1) D:5            Lair (5/5) D:8
 Shoals (4/4) Lair:3        Snake (4/4) Lair:2        Slime (5/5) Lair:5
    Orc (2/2) D:10            Elf (3/3) Orc:2        Vaults (5/5) D:13
  Crypt (3/3) Vaults:2       Tomb (1/3) Crypt:3      Depths (4/4) D:15
    Zot (5/5) Depths:4

Altars:
Ashenzari
Cheibriados
Dithmenos
Fedhas
Gozag
Hepliaklqana
Kikubaaqudgha
Makhleb
Nemelex Xobeh
Okawaru
Qazlal
Ru
Sif Muna
Trog
Uskayaw
Vehumet
Wu Jian
Xom
Yredelemnul
Jiyva

Shops:
D:8 ??   D:9 ?   Orc:2 *[[!   Elf:2 [*   Snake:1 :(=   Snake:3 ***?(=
Vaults:2 =   Vaults:5 [

Portals:
Hell: Depths:1 Depths:2 Depths:3 Depths:4
Abyss: Depths:3
Pandemonium: Depths:2
Ziggurat: Depths:4

Annotations:
Slime:5 Royal Jelly
Zot:3 36 runed translucent doors


Innate Abilities, Weirdness & Mutations

You are immune to poison.
Your flesh is cold resistant. (rC+)
You are immune to negative energy. (rN+++)
You are immune to unholy pain and torment.
You are vulnerable to heat. (rF-)
You are strongly in touch with the powers of death.
You do not drink.
You have a special connection with the divine. (Faith)


Message History

The bolt of fire hits you! You resist.
You bludgeon Oletsull!!
Oletsull is almost dead.
Oletsull hits you but does no damage.
Unknown command.
You hit Oletsull.
Oletsull is almost dead.
Oletsull hits you!!!
You feel less attractive to monsters.
You puncture Oletsull!
Oletsull is almost dead.
You block Oletsull's attack. x2
Unknown command.
You puncture Oletsull!
Oletsull is almost dead.
Oletsull gestures.
You hit Oletsull but do no damage.
Oletsull is almost dead.
Oletsull gestures.
You hit Oletsull but do no damage.
Oletsull is almost dead.
You block the Tzitzimitl's attack. The Tzitzimitl bites you!
You block Oletsull's attack.
Unknown command.
You barely miss Oletsull.
Oletsull is almost dead.
You block the Tzitzimitl's attack. x2; You block Oletsull's attack.
You barely miss Oletsull.
Oletsull is almost dead.
You block Oletsull's attack.
Unknown command.
You hit Oletsull but do no damage.
Oletsull is almost dead.
You block the Tzitzimitl's attack. x2; Oletsull closely misses you.
You sock Oletsull!
You kill Oletsull!
The Ice Fiend disappears in a puff of smoke!
The Tzitzimitl disappears in a puff of smoke!
There is an open door here.
There is a staircase leading out of the dungeon here.
You have escaped!

.#.......................#.......
....####################.#.######
~~...................# #.#.#
.....#......#.....##.###.#.#
.≈~#.#.......####.....##.#.#
≈~~#.#.#####.# #####..##.#.######
~~.#.#.# #.# #.# #..........>..
~~.#.#.#####.###.###.....#.###.##
##.#...#.....'..@..'.###.#.# #.##
#.#############.#######...# #.##
#.......#.............#.#####.##
########.####.#####.####.........
...........##.#####.## #.#####.##
########...#.........###.# #.# ##
#.#######.######..# #.# .####
#..'...........+.## #.# ....#
#########.######## #.#


There were no monsters in sight!

Vanquished Creatures
  4 dread liches
  10 orbs of fire
  4 ancient liches
  Tiamat (Zot:2)
  Mennas (Vaults:4)
  The ghost of Muataran the Slayer, a veteran MiMo of Yredelemnul (Zot:1)
  2 pandemonium lords
  Sojobo (Depths:3)
  6 curse toes
  Saint Roka (Vaults:2)
  Margery (Vaults:2)
  5 Killer Klowns
  The ghost of bmj180 the Eclecticist, a veteran HuCj of Sif Muna (Crypt:2)
  A caustic shrike (Depths:3)
  5 golden dragons
  Jory (Depths:3)
  3 bone dragons
  Nikola (Shoals:3)
  A profane servitor (Abyss:3)
  A pearl dragon (Abyss:3)
  3 electric golems
  Rupert (D:12)
  29 Orb Guardians
  Zenata (Elf:3)
  A hellephant (Vaults:2)
  16 tentacled monstrosities
  A Hell Sentinel (Abyss:1)
  6 liches
  4 deep elf master archers (Elf:3)
  2 krakens (Shoals:4)
  5 deep elf blademasters (Elf:3)
  6 quicksilver dragons
  8 titans
  11 death cobs
  21 acid blobs
  10 sphinxes
  The ghost of Raspi the Warrior, an adept FoFi of Ashenzari (Snake:4)
  16 ancient champions
  8 tentacled starspawn
  8 shadow dragons
  A thorn hunter (Abyss:3)
  18 storm dragons
  2 Executioners
  5 tengu reavers
  7 azure jellies
  3 protean progenitors
  3 nagarajas (Snake:4)
  Roxanne (D:14)
  5 draconian knights
  14 rockslimes
  5 draconian shifters
  3 revenants
  3 ghost moths
  9 fire giants
  12 draconian scorchers
  8 draconian monks
  6 deep elf sorcerers
  22 vault wardens
  7 frost giants
  2 iron dragons (Vaults:5)
  4 deep elf elementalists (Elf:3)
  A balrug (Depths:2)
  4 spectral caustic shrikes (Depths:3)
  3 draconian annihilators
  6 draconian stormcallers
  2 curse skulls
  2 orc warlords
  A reaper (Depths:2)
  17 quicksilver oozes
  11 ghouls
  2 cacodemons
  23 very ugly things
  13 ironbound preservers
  5 formless jellyfish
  17 stone giants
  4 demonspawn black suns (Zot:3)
  2 deep elf demonologists (Elf:3)
  5 ironbound thunderhulks
  2 lorocyprocas
  10 black draconians
  14 white draconians
  15 green draconians
  10 vampire knights
  13 purple draconians
  5 deep elf death magi
  6 deep elf annihilators
  The ghost of kae the Mimic, a journeyman DsSh of Ru (Lair:5)
  10 yellow draconians
  2 bennus
  15 dire elephants
  7 spark wasps
  5 eidola
  4 war gargoyles
  10 red draconians
  A merfolk javelineer (Shoals:3)
  A blizzard demon (D:6)
  A mummy priest (Crypt:3)
  7 ettins
  4 fire dragons
  3 deep elf high priests
  14 yaktaur captains
  Josephine (D:11)
  7 merfolk impalers
  5 entropy weavers
  A crystal guardian (Vaults:4)
  Fannar (D:11)
  19 great orbs of eyes
  3 rakshasas
  3 ice dragons
  A hell beast (Depths:2)
  3 spriggan air magi
  A quicksilver dragon skeleton (Vaults:2)
  4 hydras
  A peacekeeper (Vaults:4)
  A salamander tyrant (Arena)
  37 vault guards
  2 alligators (Shoals:3)
  12 merfolk aquamancers
  14 ironbound frosthearts
  An alligator snapping turtle (Shoals:3)
  13 anacondas
  A catoblepas (Lair:5)
  6 merfolk avatars
  A sphinx skeleton (D:15)
  A spriggan skeleton (Abyss:1)
  4 two-headed ogres
  3 boulder beetles
  7 satyrs
  7 centaur warriors
  2 ogre magi (Vaults:5)
  A demonic crawler (D:6)
  4 tengu warriors
  2 titan zombies (Crypt:2)
  3 deep troll shamans
  11 naga warriors
  27 dancing weapons
  3 death knights
  10 thrashing horrors
  A hell hog (Abyss:1)
  4 deep troll earth magi
  3 vampire magi
  An occultist (Depths:2)
  8 shock serpents
  Urug (D:12)
  14 hell knights
  5 orc high priests
  5 spriggan berserkers
  16 deep elf knights
  2 soul eaters
  A storm dragon zombie (D:15)
  A fire crab (shapeshifter) (Vaults:5)
  3 sun demons
  18 naga sharpshooters
  34 skeletal warriors
  2 sixfirhies
  5 wretched stars (Abyss:3)
  A spectral anaconda (Lair:5)
  5 shadow wraiths
  6 skysharks
  A spectral death yak (Lair:5)
  25 deep trolls
  4 iron trolls
  7 salamander mystics
  15 sea snakes
  4 glowing orange brains
  A bunyip zombie (Crypt:2)
  16 large abominations
  6 arcanists
  A golden dragon skeleton (Crypt:2)
  16 lindwurms
  10 flayed ghosts
  8 naga ritualists
  6 mana vipers
  A sun moth (shapeshifter) (Elf:3)
  8 necromancers
  3 bog bodies
  23 ironbound convokers
  An obsidian statue (Lair:5)
  10 deep elf archers
  34 deep elf pyromancers
  14 phantasmal warriors
  17 orc knights
  Pikel (D:5)
  34 ugly things
  33 deep elf zephyrmancers
  An iron dragon zombie (Abyss:1)
  14 manticores
  An anaconda skeleton (Abyss:3)
  5 orc sorcerers
  24 fauns
  15 harpies
  4 cyclopes
  2 shining eyes (Slime:5)
  A frost giant zombie (Vaults:2)
  Maurice (D:11)
  23 salamanders
  An alligator skeleton (Crypt:3)
  A rust devil (Depths:2)
  26 moths of wrath
  3 worldbinders
  18 vault sentinels
  25 elephants
  2 dire elephant zombies
  Joseph (D:8)
  A centaur zombie (Crypt:2)
  8 water nymphs
  9 merfolk sirens
  3 apocalypse crabs
  A guardian serpent (shapeshifter) (Depths:1)
  5 smoke demons (Abyss:3)
  A dire elephant skeleton (Lair:5)
  2 eyes of devastation
  4 orange demons
  50 black mambas
  A toenail golem (D:7)
  6 guardian serpents
  8 cane toads
  4 unseen horrors
  A stone giant skeleton (Vaults:2)
  7 naga magi
  2 centaur skeletons (Crypt:3)
  A gargoyle (D:13)
  A black draconian zombie (Crypt:1)
  3 hellions (Zot:1)
  2 torpor snails (Lair:1)
  9 komodo dragons
  37 yaktaurs
  5 freezing wraiths
  4 rime drakes
  Psyche (D:8)
  A red devil (Depths:2)
  An anaconda simulacrum (Snake:4)
  Jeremiah (D:8)
  An ice devil (Depths:2)
  17 guardian mummies
  A kobold demonologist (D:10)
  4 tengu conjurers
  A yaktaur zombie (Vaults:5)
  10 ancient zymes
  A harpy zombie (Crypt:2)
  An elf skeleton (Vaults:5)
  A polar bear (Lair:1)
  7 wind drakes
  2 hellwings
  48 merfolk
  A queen bee (shapeshifter) (Vaults:5)
  Prince Ribbit (D:9)
  5 trolls
  Grinder (D:5)
  2 tyrant leeches (Zot:1)
  A hornet (Depths:3)
  A blink frog (shapeshifter) (D:13)
  A silent spectre (Abyss:3)
  A spectral elephant (Lair:5)
  A glass eye (Slime:4)
  11 snapping turtles
  A dream sheep (shapeshifter) (Vaults:5)
  2 spectral nagas (Snake:4)
  19 blink frogs
  26 dream sheep
  2 human simulacra
  5 raiju
  An ettin zombie (Crypt:2)
  A spectral black mamba (Snake:4)
  2 air elementals (Elf:2)
  131 slime creatures
  4 shadows
  A shock serpent simulacrum (Snake:4)
  2 jumping spiders
  20 water elementals
  2 spriggans
  A spriggan (shapeshifter) (D:14)
  2 wyverns
  A guardian serpent skeleton (Crypt:3)
  A mana viper simulacrum (Snake:4)
  7 wraiths
  14 yaks
  4 ynoxinuls
  2 vampires (D:11)
  A basilisk (D:15)
  Grum (D:8)
  A slime creature zombie (Crypt:2)
  A black mamba skeleton (Crypt:2)
  A warg (D:15)
  8 golden eyes
  2 neqoxecs (Abyss:3)
  12 vampire mosquitoes
  7 chaos spawn
  A death yak simulacrum (Lair:5)
  A naga zombie (Crypt:2)
  7 redbacks
  A spectral cane toad (Lair:5)
  A skyshark zombie (Crypt:2)
  2 swamp worms (shapeshifter)
  2 entropy weaver zombies (Crypt:1)
  A merfolk skeleton (Crypt:3)
  32 nagas
  An acid dragon (D:11)
  3 hell hounds (Abyss:3)
  A guardian serpent simulacrum (Snake:4)
  12 water moccasins
  A human skeleton (Vaults:2)
  2 sky beasts
  29 orc warriors
  A redback (shapeshifter) (Depths:3)
  A water nymph skeleton (Crypt:3)
  An elephant zombie (Lair:5)
  2 ice beasts
  9 laughing skulls
  A black mamba simulacrum (Snake:4)
  An elephant skeleton (Lair:5)
  9 wolves
  5 centaurs
  7 black bears
  A boggart (Vaults:3)
  8 ogres
  A snapping turtle skeleton (Crypt:2)
  2 weeping skulls (Abyss:3)
  4 lemures
  A phantom (D:7)
  2 brain worms (Abyss:3)
  A salamander zombie (Crypt:1)
  A scorpion (D:8)
  3 gnoll sergeants
  21 bullfrogs
  6 necrophages
  4 earth elementals
  A cane toad simulacrum (Lair:5)
  13 small abominations
  9 wights
  A yak zombie (Crypt:1)
  A cyclops skeleton (Crypt:2)
  2 naga simulacra (Snake:4)
  19 killer bees
  2 elephant simulacra (Lair:5)
  The ghost of bmj180 the Conjurer, a weakling HuCj (D:3)
  2 bombardier beetles
  A raiju skeleton (Crypt:1)
  9 howler monkeys
  A crimson imp (Abyss:1)
  15 jellies
  5 quasits
  2 human zombies
  3 hounds
  23 orc priests
  20 starcursed masses
  2 iguanas
  45 orc wizards
  6 hell rats (Lair:2)
  A crocodile zombie (Crypt:3)
  3 mummies (Tomb:1)
  A naga skeleton (Crypt:3)
  9 gnolls
  8 adders
  A shadow imp (D:5)
  4 white imps
  6 ufetubi
  2 dart slugs
  4 ribbon worms
  89 orcs
  12 ball pythons
  3 bats
  12 endoplasms
  4 giant cockroaches
  4 goblins
  8 hobgoblins
  4 jackals (D:3)
  4 quokkas
  4 frilled lizards
  A giant cockroach zombie (Crypt:1)
  A goblin skeleton (Crypt:2)
  8 kobolds
  An orc zombie (Crypt:1)
  A quokka skeleton (Crypt:3)
  6 rats
  A river rat skeleton (Crypt:2)
  3 starspawn tentacles
  9 tentacles (Shoals:4)
2623 creatures vanquished.

Vanquished Creatures (others)
  A rockslime (Slime:5)
  2 draconian knights
  An alligator snapping turtle (Shoals:3)
  An occultist (Depths:1)
  A thrashing horror (Abyss:3)
  2 deep elf knights
  A deep elf zephyrmancer (Elf:3)
  An elephant (Lair:5)
  A vampire (D:13)
  A golden eye (Slime:5)
  A naga (Snake:3)
  An elephant skeleton (Lair:5)
  A quasit (Abyss:1)
  2 orc wizards (Orc:2)
  An endoplasm (D:2)
  A hobgoblin (D:2)
  A lurking horror (Abyss:3)
  11 starspawn tentacles
  29 tentacles (Shoals:4)
60 creatures vanquished.

Grand Total: 2683 creatures vanquished

Notes
Turn   | Place    | Note
-------+----------+-------------------------------------------
     0 | D:1      | SpellstutterSprite the Mummy Fighter began the quest for
                  | the Orb.
     0 | D:1      | Reached XP level 1. HP: 18/18 MP: 1/1
   181 | D:1      | Reached XP level 2. HP: 24/24 MP: 2/2
   873 | D:2      | Found a burning altar of Makhleb.
  1048 | D:2      | Reached XP level 3. HP: 29/29 MP: 3/3
  1314 | D:2      | Reached skill level 1 in Dodging
  1697 | D:3      | Reached XP level 4. HP: 35/35 MP: 4/4
  1868 | D:3      | Noticed an ice beast
  1891 | D:3      | Killed an ice beast
  1892 | D:3      | Reached XP level 5. HP: 23/42 MP: 5/5
  2114 | D:3      | Found a runed translucent door.
  2115 | D:3      | Noticed bmj180's ghost (weakling HuCj)
  2206 | D:3      | Killed bmj180's ghost
  2298 | D:4      | Reached skill level 4 in Fighting
  2310 | D:4      | Reached XP level 6. HP: 34/48 MP: 6/6
  2606 | D:4      | Found a hazy altar of Hepliaklqana.
  3098 | D:4      | Reached XP level 7. HP: 30/55 MP: 7/7
  3217 | D:5      | Entered Level 5 of the Dungeon
  3344 | D:5      | Found a staircase to the Ecumenical Temple.
  3414 | Temple   | Found a transporter.
  3414 | Temple   | Found a transporter.
  3414 | Temple   | Found a transporter.
  3414 | Temple   | Found a transporter.
  3414 | Temple   | Entered the Ecumenical Temple
  3461 | D:5      | Noticed Grinder
  3463 | D:5      | Paralysed by Grinder for 5 turns
  3478 | D:5      | Found an iron altar of Okawaru.
  3483 | D:5      | Paralysed by Grinder for 5 turns
  3491 | D:5      | Killed Grinder
  3546 | D:5      | Noticed Pikel
  3568 | D:5      | Became a worshipper of Warmaster Okawaru
  4159 | D:6      | Reached skill level 5 in Fighting
  4159 | D:6      | Reached skill level 5 in Maces & Flails
  4182 | D:6      | Reached skill level 1 in Invocations
  4182 | D:6      | Reached XP level 8. HP: 62/62 MP: 8/8
  4355 | D:6      | Reached * piety under Okawaru
  5236 | D:6      | Identified a scroll of acquirement
  5240 | D:6      | Acquired a +3 demon whip of draining
  5364 | D:5      | Killed Pikel
  5672 | D:7      | Noticed a rime drake
  5672 | D:7      | Noticed a rime drake
  5683 | D:7      | Killed a rime drake
  5683 | D:7      | Reached ** piety under Okawaru
  5684 | D:7      | Reached XP level 9. HP: 67/69 MP: 9/11
  5688 | D:7      | Killed a rime drake
  5689 | D:7      | Reached skill level 6 in Fighting
  5836 | D:7      | Reached skill level 5 in Shields
  5839 | D:7      | Reached *** piety under Okawaru
  5897 | D:7      | Found the +4 skin of Zhor {*Englaciate rC+++ SInv}
  6923 | D:8      | Reached **** piety under Okawaru
  6980 | D:8      | Noticed Psyche
  6982 | D:8      | Noticed an elephant
  6997 | D:8      | Killed an elephant
  6998 | D:8      | Reached skill level 5 in Dodging
  6998 | D:8      | Reached XP level 10. HP: 65/77 MP: 13/13
  7004 | D:8      | Killed Psyche
  7023 | D:8      | Found a staircase to the Lair.
  7054 | D:8      | Noticed Joseph
  7068 | D:8      | Killed Joseph
  7068 | D:8      | Reached ***** piety under Okawaru
  7069 | D:8      | Reached skill level 7 in Fighting
  7166 | D:8      | Noticed Grum
  7178 | D:8      | Killed Grum
  7180 | D:8      | Received a gift from Okawaru
  7206 | D:8      | Noticed Jeremiah
  7209 | D:8      | Found a radiant altar of Vehumet.
  7222 | D:8      | Found Fyllygux's Magic Scroll Emporium.
  7290 | D:8      | Killed Jeremiah
  7312 | D:8      | Bought a scroll of enchant weapon for 82 gold pieces
  7312 | D:8      | Bought a scroll of teleportation for 33 gold pieces
  7328 | D:8      | Found Juczo's Magic Scroll Boutique.
  7334 | D:8      | Bought a scroll of enchant armour for 112 gold pieces
  7334 | D:8      | Bought a scroll of teleportation for 45 gold pieces
  7568 | D:8      | Found a hide-covered altar of Uskayaw.
  7798 | D:9      | Noticed a two-headed ogre
  7807 | D:9      | Killed a two-headed ogre
  7951 | D:9      | Reached skill level 5 in Invocations
  8189 | D:9      | Found Diachaeh's Magic Scroll Emporium.
  8189 | D:9      | Noticed Prince Ribbit
  8199 | D:9      | Killed Prince Ribbit
  8233 | D:9      | Bought a scroll of brand weapon for 123 gold pieces
  8233 | D:9      | Bought a scroll of fear for 52 gold pieces
  8290 | D:10     | Entered Level 10 of the Dungeon
  8429 | D:10     | Received a gift from Okawaru
  8597 | D:10     | Reached XP level 11. HP: 62/86 MP: 14/14
  9020 | D:10     | Noticed a two-headed ogre
  9027 | D:10     | Killed a two-headed ogre
  9028 | D:10     | Reached skill level 8 in Fighting
  9130 | D:10     | Found a staircase to the Orcish Mines.
  9385 | D:10     | Received a gift from Okawaru
  9782 | Lair:1   | Entered Level 1 of the Lair of Beasts
  9933 | Lair:1   | Reached ****** piety under Okawaru
  9944 | Lair:1   | Received a gift from Okawaru
  9957 | Lair:1   | Acquired the +1 pair of boots "Ruijeb" {^Drain Regen+
                  | Dex+4}
  9957 | Lair:1   | Received a gift from Okawaru
  9958 | Lair:1   | Acquired a +1 eveningstar of protection
  9958 | Lair:1   | Received a gift from Okawaru
 10265 | Lair:1   | Reached skill level 10 in Maces & Flails
 10319 | Lair:1   | Reached XP level 12. HP: 94/94 MP: 16/16
 10440 | Lair:1   | Reached skill level 9 in Fighting
 10813 | Lair:2   | Received a gift from Okawaru
 10894 | Lair:2   | Found a staircase to the Snake Pit.
 11312 | Lair:3   | Identified the +10 hand axe of the Undead {flame, rF+ Will+
                  | Int+2}
 11500 | Lair:3   | Received a gift from Okawaru
 11796 | Lair:3   | Found a staircase to the Shoals.
 12091 | Lair:4   | Received a gift from Okawaru
 12269 | Lair:4   | Identified the +2 flail of Fate {speed, ^Drain Will+ Int+6}
 12404 | Lair:4   | Received a gift from Okawaru
 12488 | Lair:4   | Gained mutation: You are strongly in touch with the powers
                  | of death. [Mummy growth]
 12488 | Lair:4   | Reached XP level 13. HP: 103/103 MP: 18/18
 12547 | Lair:4   | Reached skill level 10 in Fighting
 12801 | Lair:5   | Entered Level 5 of the Lair of Beasts
 12992 | Lair:5   | Found a staircase to the Slime Pits.
 13019 | Lair:5   | Found a viscous altar of Jiyva.
 13047 | Lair:5   | Received a gift from Okawaru
 13149 | Lair:5   | Found a transporter.
 13157 | Lair:5   | Found a bloodstained altar of Trog.
 13157 | Lair:5   | Noticed kae's ghost (journeyman DsSh)
 13174 | Lair:5   | Found a transporter.
 13302 | Lair:5   | Noticed a dire elephant
 13302 | Lair:5   | Noticed a dire elephant
 13491 | Lair:5   | Killed a dire elephant
 13501 | Lair:5   | Killed a dire elephant
 13558 | Lair:5   | Identified the ring of Paliaw {rN+ AC+4 Str+3 SInv}
 13559 | Lair:5   | Got an earthy gem with 234 turns to spare
 13596 | Lair:5   | Received a gift from Okawaru
 13832 | Lair:5   | Received a gift from Okawaru
 13844 | Lair:5   | Reached skill level 11 in Fighting
 14364 | Orc:1    | Entered Level 1 of the Orcish Mines
 14382 | Orc:1    | Reached XP level 14. HP: 112/113 MP: 20/20
 14519 | D:10     | Received a gift from Okawaru
 15272 | Orc:2    | Entered Level 2 of the Orcish Mines
 15490 | Orc:2    | Found a staircase to the Elven Halls.
 15693 | Orc:2    | Received a gift from Okawaru
 15705 | Orc:2    | Found Faow's Antique Armour Emporium.
 15705 | Orc:2    | Found Sasigaes's General Store.
 15705 | Orc:2    | Found Apneenet's Antique Armour Shoppe.
 15728 | Orc:2    | Found Gunnizib's Distillery.
 16150 | Orc:2    | Bought a runed helmet for 247 gold pieces
 16324 | D:11     | Noticed Josephine
 16340 | D:11     | Killed Josephine
 16675 | D:11     | Noticed Fannar
 16692 | D:11     | Killed Fannar
 16849 | D:11     | Noticed Maurice
 16852 | D:11     | Maurice stole a +5 ring of evasion
 16857 | D:11     | Maurice stole 9 silver javelins
 16861 | D:11     | Killed Maurice
 17313 | D:12     | Received a gift from Okawaru
 17421 | D:12     | Noticed Rupert
 17438 | D:12     | Killed Rupert
 17467 | D:12     | Found the +10 Black Knight's barding {ponderous, rPois rN+}
 17520 | D:12     | Noticed Urug
 17534 | D:12     | Killed Urug
 17535 | D:12     | Reached skill level 12 in Fighting
 17568 | D:12     | Reached skill level 10 in Shields
 17901 | D:13     | Received a gift from Okawaru
 18056 | D:13     | Found a gate to the Vaults.
 18056 | D:13     | Noticed an ironbound preserver
 18064 | D:13     | Reached skill level 10 in Dodging
 18204 | D:13     | Killed an ironbound preserver
 18396 | D:13     | Received a gift from Okawaru
 18640 | D:14     | Reached XP level 15. HP: 122/122 MP: 22/22
 18775 | D:14     | Noticed Roxanne
 19001 | D:14     | Reached skill level 10 in Invocations
 19495 | D:14     | Killed Roxanne
 19495 | D:14     | Received a gift from Okawaru
 19509 | D:15     | Entered Level 15 of the Dungeon
 19519 | D:15     | Found a staircase to the Depths.
 20059 | D:15     | Received a gift from Okawaru
 20116 | D:15     | Reached skill level 13 in Fighting
 20956 | Snake:1  | Entered Level 1 of the Snake Pit
 21134 | Snake:1  | Received a gift from Okawaru
 21455 | Snake:1  | Found Hojurchug's Jewellery Boutique.
 21457 | Snake:1  | Found Raak's Weapon Shop.
 21460 | Snake:1  | Found Ceynyr's Book Boutique.
 22585 | Snake:2  | Received a gift from Okawaru
 23317 | Snake:2  | Received a gift from Okawaru
 23528 | Snake:3  | Reached XP level 16. HP: 107/132 MP: 23/23
 23559 | Snake:3  | Reached skill level 14 in Fighting
 23955 | Snake:3  | Received a gift from Okawaru
 24196 | Snake:3  | Found Enauf's Antique Weapon Emporium.
 24198 | Snake:3  | Found Vualuc's Jewellery Emporium.
 24198 | Snake:3  | Found Imuet's General Store.
 24203 | Snake:3  | Found Ymiusu's Magic Scroll Shoppe.
 24214 | Arena    | Entered the Arena
 24447 | Snake:3  | Bought a scroll of brand weapon for 123 gold pieces
 24447 | Snake:3  | Bought a scroll of blinking for 97 gold pieces
 24447 | Snake:3  | Bought a scroll of enchant armour for 97 gold pieces
 24447 | Snake:3  | Bought a scroll of enchant armour for 97 gold pieces
 24447 | Snake:3  | Bought a scroll of teleportation for 39 gold pieces
 24476 | Snake:3  | Found Seofupne's Specific Store.
 24479 | Snake:3  | Found Lepniedgh's General Store.
 24955 | Lair:5   | Killed kae's ghost
 25084 | Shoals:1 | Entered Level 1 of the Shoals
 25121 | Shoals:1 | Received a gift from Okawaru
 25330 | Arena    | Entered the Arena
 25343 | Arena    | Reached skill level 5 in Armour
 25483 | Shoals:1 | Received a gift from Okawaru
 26000 | Shoals:1 | Received a gift from Okawaru
 26407 | Shoals:2 | Reached skill level 15 in Fighting
 26544 | Shoals:2 | Received a gift from Okawaru
 26545 | Shoals:2 | Reached XP level 17. HP: 131/142 MP: 24/24
 27093 | Shoals:3 | Received a gift from Okawaru
 27936 | Shoals:3 | Noticed Nikola
 27953 | Shoals:3 | Killed Nikola
 27967 | Shoals:3 | Received a gift from Okawaru
 28047 | Shoals:4 | Entered Level 4 of the Shoals
 28338 | Shoals:4 | Identified the +3 trident of Gukuw {protect, MP+9}
 28482 | Shoals:4 | Noticed a kraken
 28561 | Shoals:4 | Killed a kraken
 28762 | Shoals:4 | Received a gift from Okawaru
 28983 | Shoals:4 | Reached skill level 15 in Maces & Flails
 29052 | Shoals:4 | Noticed a kraken
 29227 | Shoals:4 | Killed a kraken
 29227 | Shoals:4 | Received a gift from Okawaru
 29263 | Shoals:4 | Got a barnacled rune of Zot
 29450 | Shoals:4 | Reached skill level 16 in Fighting
 29746 | Snake:4  | Entered Level 4 of the Snake Pit
 29809 | Snake:4  | Received a gift from Okawaru
 29915 | Snake:4  | Reached XP level 18. HP: 134/151 MP: 25/25
 30228 | Snake:4  | Found a runed translucent gate.
 30228 | Snake:4  | Found a runed translucent gate.
 30230 | Snake:4  | Found a runed translucent gate.
 30233 | Snake:4  | Noticed Raspi's ghost (adept FoFi)
 30289 | Snake:4  | Received a gift from Okawaru
 30830 | Snake:4  | Received a gift from Okawaru
 31186 | Snake:4  | Received a gift from Okawaru
 31263 | Snake:4  | Got a serpentine rune of Zot
 31450 | Snake:4  | Killed Raspi's ghost
 31587 | Snake:4  | Identified the ring "Hargho" {^Drain Fly Will+ Str+2 Int+5}
 31826 | D:9      | Bought a scroll of teleportation for 39 gold pieces
 31826 | D:9      | Bought a scroll of teleportation for 39 gold pieces
 31826 | D:9      | Bought a scroll of enchant armour for 97 gold pieces
 31826 | D:9      | Bought a scroll of enchant armour for 97 gold pieces
 31826 | D:9      | Bought a scroll of torment for 123 gold pieces
 31962 | Vaults:1 | Entered Level 1 of the Vaults
 32182 | Arena    | Entered the Arena
 32185 | Arena    | Received a gift from Okawaru
 32677 | Vaults:1 | Reached skill level 17 in Fighting
 32684 | Arena    | Entered the Arena
 32752 | Arena    | Entered the Arena
 33263 | Vaults:1 | Received a gift from Okawaru
 33273 | Vaults:1 | Reached XP level 19. HP: 145/161 MP: 26/26
 33849 | Arena    | Entered the Arena
 33882 | Vaults:2 | Noticed Margery
 33901 | Vaults:2 | Noticed a hellephant
 33953 | Vaults:1 | Reached skill level 10 in Armour
 34024 | Vaults:2 | Killed a hellephant
 34024 | Vaults:2 | Received a gift from Okawaru
 34097 | Vaults:2 | Found a staircase to the Crypt.
 34097 | Vaults:2 | Found an ancient bone altar of Kikubaaqudgha.
 34098 | Vaults:2 | Found a basalt altar of Yredelemnul.
 34398 | Vaults:2 | Found Eleamom's Jewellery Boutique.
 34556 | Vaults:2 | Reached skill level 15 in Shields
 34749 | Vaults:2 | Noticed Saint Roka
 35167 | Vaults:2 | Killed Margery
 35167 | Vaults:2 | Received a gift from Okawaru
 35493 | Vaults:2 | Reached skill level 18 in Fighting
 36182 | Vaults:2 | Killed Saint Roka
 37283 | Vaults:3 | Received a gift from Okawaru
 37305 | Arena    | Entered the Arena
 37366 | Vaults:3 | You fall into a shaft and drop 1 floor!
 37381 | Vaults:4 | Noticed Mennas
 37498 | Arena    | Entered the Arena
 37535 | Vaults:4 | Reached skill level 19 in Fighting
 37630 | Vaults:4 | Reached XP level 20. HP: 170/174 MP: 27/27
 37637 | Vaults:4 | Received a gift from Okawaru
 37669 | Vaults:4 | Acquired a +0 tower shield of fire resistance
 37977 | Vaults:4 | Reached skill level 20 in Fighting
 38239 | Vaults:3 | Received a gift from Okawaru
 39054 | Vaults:4 | Killed Mennas
 40131 | Elf:1    | Entered Level 1 of the Elven Halls
 40363 | Elf:1    | Identified the serpent talisman of the Heron {rF- rN+ rCorr
                  | Int+2}
 40699 | Elf:1    | Received a gift from Okawaru
 40954 | Elf:1    | Got Ereshkigal's Anthology of Battling
 41203 | Elf:2    | Paralysed by an air elemental for 1 turns
 41206 | Elf:2    | Paralysed by an air elemental for 1 turns
 41214 | Elf:2    | Paralysed by an air elemental for 1 turns
 41445 | Elf:2    | Identified the +0 robe "Ickag" {Dex+3}
 41592 | Elf:2    | Found Bucaran's Antique Armour Emporium.
 41625 | Elf:2    | Found Emebidghe's Assorted Antiques.
 41631 | Elf:2    | Bought a scroll of teleportation for 69 gold pieces
 41755 | Elf:2    | Found a runed translucent gate.
 41756 | Elf:2    | Found a runed translucent gate.
 41756 | Elf:2    | Found a runed translucent gate.
 42148 | Elf:2    | Received a gift from Okawaru
 42285 | Elf:2    | HP: 5/176 [+2 long sword of freezing (16)]
 42476 | Elf:2    | Reached XP level 21. HP: 183/183 MP: 28/28
 42753 | Elf:3    | Entered Level 3 of the Elven Halls
 42992 | Elf:3    | Noticed Zenata
 43029 | Elf:3    | Killed Zenata
 43043 | Elf:3    | Received a gift from Okawaru
 44069 | Elf:3    | Identified the +0 leather armour of Vexation {Harm Str+3
                  | Slay+2}
 44084 | Elf:3    | Identified the +7 morningstar of Fedhas's Reproof {venom,
                  | rF- Str+6 Int-3 Dex+2}
 44168 | Elf:3    | Identified the staff of Lust {^Contam rElec rC+ rN++ rCorr
                  | Air}
 44485 | Elf:3    | Identified the amulet "Ciuwiss" {Reflect rCorr Str+2 Int-4
                  | SH+5}
 44499 | Elf:3    | Identified the ring "Lijoy" {rN+ Int+2}
 44500 | Elf:3    | Found the +5 Storm Queen's Shield {shock, Fly rElec}
 44533 | Elf:3    | Got Xebazu's Octavo of Portals and Geology
 44622 | Elf:3    | Identified the staff of Bavoxtop {rC+ Int+3 Ice}
 44626 | Elf:3    | Identified the +12 falchion of the Hidden Vale {pain, rPois
                  | SInv}
 44673 | Elf:3    | Identified the +0 chain mail of Unreason {Rampage Regen+
                  | Str+3 Int-3}
 45010 | Slime:1  | Entered Level 1 of the Pits of Slime
 45216 | Slime:1  | Received a gift from Okawaru
 46098 | Slime:2  | Received a gift from Okawaru
 47469 | Slime:3  | Received a gift from Okawaru
 47890 | Slime:5  | Entered Level 5 of the Pits of Slime
 47963 | Slime:5  | Reached XP level 22. HP: 134/190 MP: 29/29
 48361 | Slime:4  | Received a gift from Okawaru
 48500 | Slime:5  | Noticed the Royal Jelly
 49303 | Slime:5  | Found a viscous altar of Jiyva.
 49786 | Arena    | Entered the Arena
 50030 | Arena    | Entered the Arena
 50058 | Arena    | Entered the Arena
 50103 | Arena    | Entered the Arena
 50596 | Depths:1 | Entered Level 1 of the Depths
 50709 | Arena    | Entered the Arena
 51027 | Depths:1 | Found a gateway to Hell.
 51043 | Depths:1 | Reached skill level 15 in Armour
 51085 | Depths:1 | You fall into a shaft and drop 1 floor!
 51400 | Depths:1 | Found a blossoming altar of Fedhas.
 52142 | Depths:2 | Received a gift from Okawaru
 52659 | Depths:2 | Found a one-way gate leading to the halls of Pandemonium.
 53114 | Depths:3 | Noticed a caustic shrike
 53127 | Depths:3 | Killed a caustic shrike
 53271 | Depths:3 | Received a gift from Okawaru
 53302 | Depths:3 | Noticed a golden dragon
 53327 | Depths:3 | Killed a golden dragon
 53366 | Depths:3 | Noticed Jory
 53387 | Depths:3 | Killed Jory
 53422 | Depths:3 | Reached XP level 23. HP: 196/196 MP: 30/30
 53498 | Depths:3 | Noticed Sojobo
 53515 | Depths:3 | Paralysed by an air elemental for 1 turns
 53519 | Depths:3 | Paralysed by an air elemental for 1 turns
 53530 | Depths:3 | Paralysed by an air elemental for 1 turns
 53546 | Depths:3 | Killed Sojobo
 53776 | Depths:3 | Found a basalt altar of Yredelemnul.
 53788 | Depths:3 | Received a gift from Okawaru
 53991 | Depths:3 | Found a one-way gate to the infinite horrors of the Abyss.
 54152 | Depths:4 | Entered Level 4 of the Depths
 54247 | Depths:4 | Identified the +5 great sword of the Tomato {drain, rPois
                  | Str+3 SInv}
 54295 | Depths:4 | Found a one-way gateway to a ziggurat.
 54565 | Depths:4 | Received a gift from Okawaru
 54638 | Depths:4 | Found a gate to the Realm of Zot.
 55362 | Crypt:1  | Entered Level 1 of the Crypt
 55526 | Vaults:2 | Received a gift from Okawaru
 56495 | Crypt:2  | Received a gift from Okawaru
 56530 | Crypt:2  | Noticed bmj180's ghost (veteran HuCj)
 56531 | Crypt:2  | Found a runed translucent gate.
 56531 | Crypt:2  | Found a runed translucent gate.
 56531 | Crypt:2  | Found a runed translucent gate.
 57043 | Crypt:2  | Found an ancient bone altar of Kikubaaqudgha.
 57240 | Crypt:2  | Killed bmj180's ghost
 57276 | Crypt:2  | Identified the +1 longbow of the Rattlesnake {drain, rC+
                  | Int-3 SInv}
 57303 | Crypt:3  | Entered Level 3 of the Crypt
 57311 | Crypt:3  | Received a gift from Okawaru
 57524 | Crypt:3  | Reached XP level 24. HP: 170/206 MP: 30/30
 57769 | Crypt:3  | Reached skill level 21 in Fighting
 57828 | Crypt:3  | Identified the +0 scale mail of Moral Flaws {rN+ rCorr
                  | Dex+3}
 57894 | Crypt:3  | Received a gift from Okawaru
 57998 | Crypt:3  | Noticed an ancient lich
 58011 | Crypt:3  | Killed an ancient lich
 58063 | Crypt:3  | Noticed an ancient lich
 58109 | Crypt:3  | Killed an ancient lich
 58109 | Crypt:3  | Received a gift from Okawaru
 58128 | Crypt:3  | Identified the +4 shadow dragon scales of the Armoured One
                  | {Harm Str-2 Dex+2 Slay+2 Stlth++++}
 58130 | Crypt:3  | Identified the +5 falchion of Responsibility {heavy, rF+}
 58134 | Crypt:3  | Identified the ring "Ywich" {rF+++ rN+ Int-5 Dex+2}
 58134 | Crypt:3  | Identified the ring "Mollit" {rPois rN+ Int+5}
 58134 | Crypt:3  | Identified the ring of Piuxowk {rF+ rN+ Int+3}
 58217 | Crypt:3  | Found a staircase to the Tomb.
 58799 | Tomb:1   | Entered Level 1 of the Tomb of the Ancients
 58956 | Arena    | Entered the Arena
 58976 | Arena    | Entered the Arena
 59543 | Depths:3 | Voluntarily entered the Abyss.
 59562 | Abyss:1  | Found a corrupted altar of Lugonu.
 59784 | Abyss:1  | Noticed a dread lich
 59794 | Abyss:1  | Paralysed by a dread lich for 4 turns
 59808 | Abyss:1  | Killed a dread lich
 59808 | Abyss:1  | Received a gift from Okawaru
 59888 | Abyss:1  | Found a corrupted altar of Lugonu.
 59888 | Abyss:1  | Found a corrupted altar of Lugonu.
 59888 | Abyss:1  | Found a corrupted altar of Lugonu.
 59909 | Abyss:1  | Paralysed by accursed screaming for 1 turns
 59916 | Abyss:1  | Paralysed by accursed screaming for 1 turns
 59932 | Depths:3 | Escaped the Abyss
 59993 | Depths:3 | Voluntarily entered the Abyss.
 60129 | Abyss:1  | Found a corrupted altar of Lugonu.
 60304 | Abyss:3  | Found a corrupted altar of Lugonu.
 60806 | Abyss:3  | Received a gift from Okawaru
 61250 | Abyss:3  | Found a corrupted altar of Lugonu.
 61318 | Abyss:3  | Received a gift from Okawaru
 61460 | Abyss:3  | Reached skill level 22 in Fighting
 61536 | Abyss:3  | Got an abyssal rune of Zot
 61548 | Depths:3 | Escaped the Abyss
 61868 | Vaults:5 | Entered Level 5 of the Vaults
 61877 | Vaults:4 | Reached XP level 25. HP: 182/217 MP: 30/30
 61982 | Vaults:5 | Received a gift from Okawaru
 62056 | Vaults:5 | Identified the +7 scimitar of Ylaus {flame, rElec MP+9
                  | Dex+3}
 62200 | Vaults:5 | Noticed a dread lich
 62217 | Vaults:5 | Received a gift from Okawaru
 62225 | Vaults:5 | Killed a dread lich
 62466 | Vaults:5 | Found Sakeq's Armour Boutique.
 62645 | Vaults:5 | Received a gift from Okawaru
 62752 | Vaults:5 | Identified the ring of Rink {rElec rC+ Str-2 Int+6 Stlth+}
 62825 | Vaults:5 | Identified the +4 scale mail "Sietoe" {rC++ Str+4}
 62846 | Vaults:5 | Got a silver rune of Zot
 62887 | Vaults:5 | Identified the +2 ring mail of the Wilderness {Str+2}
 62993 | Vaults:5 | Noticed an ancient lich
 63009 | Vaults:5 | Killed an ancient lich
 63015 | Vaults:5 | Reached skill level 23 in Fighting
 63039 | Vaults:5 | Identified the +5 ring mail of Ignis's Inspiration {rElec}
 63182 | Vaults:5 | Identified the staff "Fugunokh" {Fly rPois rN++ Will- Fire
                  | Alchemy}
 63188 | Vaults:5 | Noticed an ancient lich
 63201 | Vaults:5 | Killed an ancient lich
 63201 | Vaults:5 | Received a gift from Okawaru
 63288 | Vaults:5 | Identified the +10 quarterstaff "Pacsarib" {heavy, Int+2}
 63388 | Vaults:5 | Identified the +9 hand axe of Eternity {holy, rPois rC+}
 63429 | Vaults:5 | Got the Precepts of Translocational Terra Firma
 63897 | Zot:1    | Entered Level 1 of the Realm of Zot
 63897 | Zot:1    | Found the +5 moon troll leather armour {Spirit, Regen++
                  | MP+5}
 64257 | Zot:1    | Received a gift from Okawaru
 64396 | Zot:1    | Found a runed translucent door.
 64480 | Zot:1    | Noticed Muataran's ghost (veteran MiMo)
 64575 | Zot:1    | Reached XP level 26. HP: 48/229 MP: 30/30
 64575 | Arena    | Entered the Arena
 64615 | Arena    | Entered the Arena
 64739 | Zot:1    | Reached skill level 15 in Dodging
 64758 | Zot:1    | Received a gift from Okawaru
 65352 | Zot:1    | Killed Muataran's ghost
 65844 | Zot:2    | Found the +4 dragonskin cloak
 65844 | Zot:2    | Noticed Tiamat
 65962 | Zot:2    | Killed Tiamat
 66066 | Zot:2    | Received a gift from Okawaru
 66789 | Zot:3    | Found a huge runed translucent gate.
 66789 | Zot:3    | Found a huge runed translucent gate.
 66789 | Zot:3    | Found a huge runed translucent gate.
 66791 | Zot:3    | Found a huge runed translucent gate.
 66791 | Zot:3    | Found a huge runed translucent gate.
 66792 | Zot:3    | Found a huge runed translucent gate.
 66792 | Zot:3    | Found a huge runed translucent gate.
 66792 | Zot:3    | Found a huge runed translucent gate.
 66792 | Zot:3    | Found a huge runed translucent gate.
 66793 | Zot:3    | Found a huge runed translucent gate.
 66793 | Zot:3    | Found a huge runed translucent gate.
 66793 | Zot:3    | Found a huge runed translucent gate.
 66793 | Zot:3    | Found a huge runed translucent gate.
 66796 | Zot:3    | Found a huge runed translucent gate.
 66798 | Zot:3    | Found a huge runed translucent gate.
 66798 | Zot:3    | Found a huge runed translucent gate.
 66798 | Zot:3    | Found a huge runed translucent gate.
 66808 | Zot:3    | Found a huge runed translucent gate.
 66809 | Zot:3    | Found a huge runed translucent gate.
 66855 | Zot:3    | Noticed an orb of fire
 66857 | Zot:3    | Identified the +3 dagger "Spiderslayer" {drain, *Rage rN+
                  | SInv Stlth+}
 66880 | Zot:3    | Killed an orb of fire
 66881 | Zot:3    | Reached skill level 24 in Fighting
 66992 | Zot:3    | Got Onnogov's Anthology of The Black Sun
 67685 | Zot:3    | Found a huge runed translucent gate.
 67686 | Zot:3    | Found a huge runed translucent gate.
 67686 | Zot:3    | Found a huge runed translucent gate.
 67686 | Zot:3    | Found a huge runed translucent gate.
 67686 | Zot:3    | Found a huge runed translucent gate.
 67688 | Zot:3    | Found a huge runed translucent gate.
 67689 | Zot:3    | Found a huge runed translucent gate.
 67690 | Zot:3    | Found a huge runed translucent gate.
 67690 | Zot:3    | Found a huge runed translucent gate.
 67706 | Zot:3    | Found a huge runed translucent gate.
 67707 | Zot:3    | Found a huge runed translucent gate.
 67708 | Zot:3    | Found a huge runed translucent gate.
 67708 | Zot:3    | Found a huge runed translucent gate.
 67709 | Zot:3    | Found a huge runed translucent gate.
 67710 | Zot:3    | Found a huge runed translucent gate.
 67711 | Zot:3    | Found a huge runed translucent gate.
 67712 | Zot:3    | Found a huge runed translucent gate.
 67921 | Zot:4    | Received a gift from Okawaru
 68101 | Arena    | Entered the Arena
 68551 | Zot:4    | Received a gift from Okawaru
 69185 | Zot:4    | Found the ring of Shadows {Umbra +Inv Stlth+}
 69298 | Zot:4    | Identified the +1 ring mail of Noponk {rC- Int+6}
 69508 | Zot:5    | Entered Level 5 of the Realm of Zot
 69610 | Zot:5    | Noticed an orb of fire
 69627 | Zot:5    | Killed an orb of fire
 69791 | Zot:5    | Reached XP level 27. HP: 225/240 MP: 30/30
 70383 | Zot:5    | Received a gift from Okawaru
 70466 | Zot:5    | Noticed an orb of fire
 70490 | Zot:5    | Lost intelligence.
 70498 | Zot:5    | Killed an orb of fire
 70813 | Zot:5    | Noticed an orb of fire
 70832 | Zot:5    | Killed an orb of fire
 70948 | Zot:5    | Reached skill level 25 in Fighting
 70959 | Zot:5    | Noticed a dread lich
 70989 | Zot:5    | Killed a dread lich
 71033 | Zot:5    | Noticed an orb of fire
 71042 | Zot:5    | Noticed an orb of fire
 71043 | Zot:5    | Noticed an orb of fire
 71052 | Zot:5    | Killed an orb of fire
 71057 | Zot:5    | Killed an orb of fire
 71057 | Zot:5    | Received a gift from Okawaru
 71065 | Zot:5    | Noticed a dread lich
 71075 | Zot:5    | Killed an orb of fire
 71091 | Zot:5    | Noticed an orb of fire
 71094 | Zot:5    | Noticed an orb of fire
 71101 | Zot:5    | Noticed an orb of fire
 71377 | Zot:5    | Killed an orb of fire
 71440 | Zot:5    | Received a gift from Okawaru
 71459 | Zot:5    | Killed an orb of fire
 71472 | Zot:5    | Killed an orb of fire
 71552 | Zot:5    | Received a gift from Okawaru
 71600 | Zot:5    | Killed a dread lich
 71823 | Zot:5    | Got the Orb of Zot
 72185 | Depths:3 | Noticed Guejy the pandemonium lord
 72244 | Depths:1 | Noticed Polluunk the pandemonium lord
 72592 | D:6      | Received a gift from Okawaru
 72654 | Temple   | Fell from the grace of Okawaru
 72654 | Temple   | Became a worshipper of Xom the Capricious
 72707 | D:3      | Noticed Sof Jamn the pandemonium lord
 72714 | D:3      | XOM: potion effect (attraction)
 72720 | D:3      | XOM: scenery: create altars
 72724 | D:3      | XOM: enchant monster (bad)
 72730 | D:3      | Killed Sof Jamn the pandemonium lord
 72771 | D:1      | Noticed Oletsull the pandemonium lord
 72782 | D:1      | XOM: cast spell 'Animate Armour'
 72797 | D:1      | Killed Oletsull the pandemonium lord
 72811 | D:$      | Escaped with the Orb!

Illustrated notes

Levels and vault maps discovered:
D:1:      shiori_shiawase, layout_basic, chequers_serial_rivers_micro_b,
          hex_intersection, columned_hall_lemuel, chequers_serial_rivers_marsh
D:2:      mumra_celtic_spiral_tile, layout_basic, basic_altar,
          lemuel_flame_loot_1
D:3:      layout_basic, gammafunk_ghost_grave
D:4:      minmay_bubble_buster, layout_basic, mainiacjoe_overflow_catwalk,
          minmay_tree_intersection, reono_crystal_passage
D:5:      layout_rooms, okawaru_trees_2, minmay_temple_entry_hall,
          serial_curves, eino_curves_01, eino_curves_04, kennysheep_flooded_box,
          uniq_pikel, uniq_grinder
D:6:      layout_basic
D:7:      layout_layer_cave, mainiacjoe_overflow_alcove_4,
          hellmonk_guarded_unrand_zhor
D:8:      layout_loops_ring, mainiacjoe_overflow_chevrons,
          nicolae_uskayaw_dance_hall, grunt_lair_entry_orc_guard_hut,
          serial_shops, shop, shop, uniq_grum, uniq_jeremiah, uniq_joseph,
          uniq_psyche
D:9:      layout_rooms, minmay_misc_feat_columns, kennysheep_small_square,
          uniq_prince_ribbit1
D:10:     layout_layer_cave, kennysheep_orc_monster_closet_entryway
D:11:     layout_stronghold, uniq_maurice, uniq_josephine, uniq_fannar
D:12:     layout_roguey, uniq_rupert, uniq_urug
D:13:     layout_small_grid, skrybe_vaults_entry_preservation
D:14:     layout_loops_ring, kennysheep_decorative_pillar, uniq_roxanne
D:15:     gammafunk_depths_entry_grave, layout_long_grid, grunt_decor_resistance
Temple:   hellmonk_temple_divided_pantheon
Lair:1:   layout_regular_city, grunt_megastairs_5
Lair:2:   layout_roguey, dummy_snake_entry, grunt_megastairs_2,
          lemuel_fruit_tree, infiniplex_staircase_pool, serial_bayou_shore_b
Lair:3:   layout_hall_layers, elwin_shoals_entry_rocks, minmay_lindwurm_lava
Lair:4:   layout_gridlike
Lair:5:   due_jungle_book, layout_misc_corridors,
          nicolae_slime_entry_field_trip, gammafunk_ghost_wrathful_warriors,
          infiniplex_staircase_pool_2
Shoals:1: cheibrodos_shoals_baths, layout_shoals, nicolae_shoals_flooded_hall
Shoals:2: layout_shoals
Shoals:3: layout_shoals, nicolae_shoals_siren_and_animal_friends, uniq_nikola
Shoals:4: shoals_end_hangedman, layout_shoals
Snake:1:  layout_chambers, nicolae_snake_salamander_jacuzzi, grunt_megastairs_1,
          minmay_shop_star
Snake:2:  layout_cave_pods, chequers_hall_statues_y, nicolae_integral_box
Snake:3:  layout_misc_corridors, nicolae_specific_store,
          nicolae_triple_integral, serial_bayou_shore_a, minmay_shoptagon
Snake:4:  snake_pit_salamanders_mu, layout_misc_corridors,
          gammafunk_ghost_necromancy, st_stairs_13
Slime:1:  layout_caves, cheibrodos_slime_lost_civilization_5
Slime:2:  nicolae_slime_jelly_donut, layout_caves, nicolae_slime_phagocytosis
Slime:3:  layout_caves
Slime:4:  layout_caves, nicolae_slime_crime_time
Slime:5:  slime_pit_nicolae_royal_road_to_ruin
Orc:1:    cheibrodos_orc_bank, layout_caves, lemuel_statue_altar, library_closet
Orc:2:    st_orc_mages, layout_caves
Elf:1:    minmay_elf_arrival_summoners, layout_loops_cross,
          minmay_elf_annihilation, drop_trap, kennysheep_underground_church
Elf:2:    nicolae_elf_blades_crystal_corner, layout_loops_cross, serial_shops,
          nicolae_shop_back_alley_shop,
          nicolae_shop_temple_entry_statues_fountains
Elf:3:    minmay_elf_hall, layout_geoelf_diagonals, uniq_zenata
Vaults:1: nicolae_vaults_little_squares_6, nicolae_vaults_heist,
          nicolae_vaults_little_ls, hangedman_vaults_nodes,
          nicolae_vaults_three_branches, v_misc_26, v_misc_10,
          nicolae_vaults_offset_grid_hallway_2, nicolae_vaults_lightning_bolt,
          vaults_room_grunt_arrival_checkpoint, nicolae_vaults_tetromino_L_1,
          nicolae_vaults_offset_grid_hallway_4, vaults_room_octagon,
          v_alt_pattern_1, vaults_dpeg_encased_lava,
          nicolae_vaults_double_plus_1, v_misc_16, layout_vaults_big_cross
Vaults:2: vaults_room_hallway, nicolae_vaults_wine_cellar,
          minmay_crypt_entry_necro_gods, nicolae_vaults_closet_pinwheel_2,
          nicolae_vaults_quartermaster, vaults_room_corners,
          hangedman_vaults_snaps, layout_vaults_omnigrid, serial_shops,
          nicolae_shop_peninsula, uniq_margery, uniq_saint_roka
Vaults:3: nicolae_vaults_doubleplus_tesselated, v_alt_pattern_2, v_rooms_4,
          lightli_church_of_beogh, v_alt_pattern_3, v_misc_33,
          nicolae_vaults_network_quinsquares
          [nicolae_vaults_network_quincunx_subvault,
          nicolae_vaults_network_quincunx_subvault,
          nicolae_vaults_network_quincunx_subvault,
          nicolae_vaults_network_quincunx_subvault], ontoclasm_vaults_hangar,
          v_misc_25, ontoclasm_vaults_decontamination,
          hangedman_vaults_variations, nicolae_vaults_tetromino_L_2,
          nicolae_vaults_diamond_2, nicolae_vaults_tetromino_T_1,
          layout_vaults_ring
Vaults:4: portal_desolation_entry_ruin, nicolae_vaults_offset_grid_hallway_3,
          v_pattern_3, nicolae_vaults_theta, v_misc_14,
          nicolae_vaults_tetromino_T_1, hangedman_vaults_nails,
          nicolae_vaults_little_squares_6, vaults_mumra_chevron_long,
          nicolae_vaults_tetromino_L_2, nicolae_vaults_surprise_closet,
          layout_vaults_chaotic_city, serial_glass, uniq_mennas
Vaults:5: serial_shops
Crypt:1:  layout_misc_corridors, grunt_crypt_arrival_webbed,
          roderic_lattice_octagonal_star
Crypt:2:  layout_regular_city, gammafunk_ghost_split,
          lemuel_mausoleum_altar_kikubaaqudgha
Crypt:3:  david_glass_crypt, layout_misc_corridors, tomb_entry_sphere_bobbens,
          corexii_leaking_fountain
Tomb:1
Depths:1: layout_long_grid, fedhas_altar_2, hell_entry, kennysheep_just_a_vault,
          infiniplex_staircase_pool_lava
Depths:2: kennysheep_demon_jail, layout_basic, nicolae_cairo_tiling_large,
          rand_demon_pan_entry_9, hell_entry, infiniplex_staircase_pool_1
Depths:3: minmay_diamond_stairs, layout_cave_pools, pf_hell_entry_tar_river,
          abyss_entry_crystal, yredelemnul_altar_generic,
          minmay_staircase_statues, uniq_jory, uniq_sojobo
Depths:4: grunt_zot_entry_gee_three, layout_gridlike, enter_ziggurat_e,
          hell_entry, hangedman_abyss_or_decor_passed, serial_bayou_shore_b
Zot:1:    layout_misc_corridors, ebering_ghost_inner_flame,
          regret_index_zotdec_ex, hangedman_hellfire_club
Zot:2:    layout_cathedral_of_symmetry, uniq_tiamat
Zot:3:    dreamdust_black_sun_cult, layout_basic, door_vault
Zot:4:    layout_cathedral_of_symmetry, grunt_megastairs_4
Zot:5:    layout_basic, grunt_ministairs_11

Skill      XL: |  1  2  3  4  5  6  7  8  9 10 11 12 13 14 15 16 17 18 19 20 21 22 23 24 25 26 27 |
---------------+----------------------------------------------------------------------------------+-----
Maces & Flails | 2 3 4 5 6 7 8 10 11 12 13 14 15 16 | 16.0
Dodging        | 1 2 3 4 5 6 7 9 10 11 13 14 16 17 | 17.8
Shields        | 3 4 5 6 7 8 9 10 11 12 13 14 16 17 18 20 21 22 | 22.0
Fighting       | 4 5 6 7 8 9 11 12 13 15 16 17 19 20 22 23 24 25 | 25.8
Invocations    | 1 2 4 5 6 7 8 9 10 | 10.0
Armour         | 3 6 8 9 10 12 14 15 17 18 19 20 | 20.7

Action                     |  1- 3 |  4- 6 |  7- 9 | 10-12 | 13-15 | 16-18 | 19-21 | 22-24 | 25-27 || total
---------------------------+-------+-------+-------+-------+-------+-------+-------+-------+-------++-------
  Melee: Flail             |   130 |   217 |   102 |       |       |       |       |       |       ||   449
         Morningstar       |       |       |   139 |       |       |       |       |       |       ||   139
         Demon whip        |       |       |   139 |   880 |  2159 |   246 |       |   900 |   346 ||  4670
         Eveningstar       |       |       |       |       |       |  2387 |  2660 |  2130 |  2365 ||  9542
  Throw: Boomerang         |       |       |       |       |       |       |       |    28 |       ||    28
 Invoke: Receive Weapon    |       |       |       |     1 |       |       |       |       |       ||     1
         Receive Armour    |       |       |       |     1 |       |       |       |       |       ||     1
         Heroism           |       |       |       |       |     4 |     6 |     9 |     3 |     7 ||    29
         Finesse           |       |       |       |       |     2 |     4 |     8 |     3 |     5 ||    22
         Duel              |       |       |       |       |       |     5 |     3 |     7 |     3 ||    18
  Evoke: Wand              |       |       |       |    16 |     8 |    17 |     6 |     6 |     1 ||    54
         Condenser vane    |       |       |       |       |       |       |     1 |     1 |       ||     2
    Use: Scroll            |       |       |    11 |     5 |     5 |    11 |    32 |    12 |    17 ||    93
   Stab: Sleeping          |       |       |       |     2 |     2 |     1 |     6 |       |       ||    11
         Invisible         |       |       |       |       |     1 |     2 |     4 |       |       ||     7
         Distracted        |       |       |       |       |       |       |     1 |     1 |       ||     2
         Confused          |       |       |       |       |       |       |       |     2 |       ||     2
 Armour: Scale mail        |    52 |       |       |       |       |       |       |       |       ||    52
         Chain mail        |     8 |   166 |   237 |       |       |       |       |       |       ||   411
         Animal skin       |       |       |     8 |   242 |   504 |  1590 |   636 |   254 |       ||  3234
         Plate armour      |       |       |       |       |   206 |   158 |   571 |       |       ||   935
         Skin              |       |       |       |       |       |       |    23 |       |       ||    23
         Storm dragon scal |       |       |       |       |       |       |       |  1086 |  1572 ||  2658
  Dodge: Dodged            |    97 |   141 |   260 |   438 |   782 |  1373 |   788 |   896 |  1291 ||  6066
         Repelled          |       |       |       |       |       |       |    28 |    48 |    66 ||   142
  Block: Buckler           |    31 |    51 |    95 |    66 |       |       |       |       |       ||   243
         Kite shield       |       |       |       |   152 |   873 |  1878 |   498 |   411 |  2155 ||  5967
         Tower shield      |       |       |       |       |       |       |  1529 |  3560 |  1045 ||  6134
         Reflection        |       |       |       |       |       |       |       |    27 |       ||    27

Table legend: (Time is in decaauts)
 A = Elapsed time spent in this place.
 B = Non-inter-level travel time spent in this place.
 C = Inter-level travel time spent in this place.
 D = Time resting spent in this place.
 E = Time spent auto-exploring this place.
 F = Levels seen in this place.
 G = Mean time per level.
                   A        B        C        D        E       F      G
               +--------+--------+--------+--------+--------+-----+--------+
         Total |  69540 |  60925 |   8615 |   6309 |  34885 |  79 |  880.3 |
       Dungeon |  15787 |  13404 |   2383 |    619 |   9646 |  15 | 1052.5 |
        Temple |     59 |     17 |     42 |      0 |      0 |   1 |   59.0 |
          Lair |   5244 |   4188 |   1056 |    286 |   2617 |   5 | 1048.8 |
        Shoals |   4539 |   4279 |    260 |    384 |   2045 |   4 | 1134.8 |
     Snake Pit |   5334 |   4822 |    512 |    313 |   3168 |   4 | 1333.5 |
    Slime Pits |   4805 |   3923 |    882 |   1010 |   1600 |   5 |  961.0 |
  Orcish Mines |   1670 |   1372 |    298 |      0 |    906 |   2 |  835.0 |
   Elven Halls |   4504 |   4190 |    314 |   1254 |   1731 |   3 | 1501.3 |
        Vaults |   9382 |   8368 |   1014 |    931 |   4685 |   5 | 1876.4 |
         Crypt |   3265 |   2980 |    285 |    225 |   1856 |   3 | 1088.3 |
          Tomb |    350 |    277 |     73 |    101 |     88 |   1 |  350.0 |
        Depths |   4980 |   4198 |    782 |    246 |   2468 |   4 | 1245.0 |
           Zot |   7417 |   6707 |    710 |    603 |   4073 |   5 | 1483.4 |
         Abyss |   1766 |   1766 |      0 |     31 |      0 |   4 |  441.5 |
         Arena |    432 |    432 |      0 |    302 |      0 |  18 |   24.0 |
               +--------+--------+--------+--------+--------+-----+--------+

Top non-repeatable levels by time:
Vaults:2: 2735 daAuts
   Zot:5: 2243 daAuts
   Elf:3: 1929 daAuts
Vaults:1: 1896 daAuts
    D:10: 1773 daAuts
  Lair:5: 1751 daAuts
 Snake:4: 1724 daAuts
Vaults:4: 1707 daAuts
 Snake:1: 1615 daAuts
Vaults:5: 1523 daAuts
Vaults:3: 1519 daAuts
 Crypt:3: 1486 daAuts
     D:6: 1481 daAuts
   Elf:2: 1475 daAuts
   Zot:4: 1456 daAuts
